 Dungeon Crawl Stone Soup version 0.29-a0-284-gf9362112df (webtiles) character file.

Game seed: 13849314568440178795

343 kae the Slasher (level 6, -3/49 HPs)
             Began as a Merfolk Abyssal Knight on Mar 15, 2022.
             Was a Priest of Lugonu.
             Slain by Pikel
             ... wielding a +0 whip of flaming
              (6 damage)
             ... on level 4 of the Dungeon.
             The game lasted 00:02:30 (4909 turns).

kae the Slasher (Merfolk Abyssal Knight)            Turns: 4909, Time: 00:02:30

Health: -3/49      AC:  3    Str: 14    XL:     6   Next: 57%
Magic:  8/8        EV: 13    Int:  9    God:    Lugonu [***...]
Gold:   114        SH:  4    Dex: 16    Spells: 5/5 levels left

rFire   . . .      SeeInvis .   a - +1 falchion
rCold   . . .      Faith    .   g - +0 buckler
rNeg    . . .      Spirit   .   b - +0 leather armour
rPois   .          Reflect  .   (no helmet)
rElec   .          Harm     .   (no cloak)
rCorr   .          Rampage  .   (no gloves)
Will    .....                   (no boots)
Stlth   +.........              (no amulet)
HPRegen 0.16/turn               (no ring)
MPRegen 0.11/turn               (no ring)

@: no status effects
A: (nimble swimmer 2), mertail
a: Renounce Religion, Depart the Abyss, Bend Space, Banish


You were on level 4 of the Dungeon.
You worshipped Lugonu.
Lugonu was most pleased with you.
You visited 1 branch of the dungeon, and saw 4 of its levels.
You visited the Abyss 1 time.

You collected 114 gold pieces.

Inventory:

Hand Weapons
 a - a +1 falchion (weapon)
Armour
 b - a +0 leather armour (worn)
 g - a +0 buckler (worn)
Jewellery
 f - a ring of wizardry
 h - an amulet of faith
Wands
 d - a wand of flame (15)
Scrolls
 c - a scroll of enchant weapon {unknown}
 e - 3 scrolls of teleportation
 o - 2 scrolls of holy word
Potions
 j - a potion of haste
 k - 2 potions of curing
 l - a potion of attraction
 m - a potion of berserk rage {unknown}
 n - a potion of resistance {unknown}


   Skills:
 + Level 4.4 Fighting
 * Level 5.3 Long Blades
 - Level 0.6 Armour
 + Level 4.3 Dodging
 + Level 1.8 Shields
 + Level 3.4 Invocations


You had 5 spell levels left.
You didn't know any spells.
Your spell library contained the following spells:

 Spells                   Type           Power      Damage    Failure   Level
 Animate Skeleton         Necr           0%         N/A       56%         1
 Apportation              Tloc           0%         N/A       56%         1
 Summon Small Mammal      Summ           0%         N/A       56%         1
 Blink                    Tloc           0%         N/A       71%         2
 Call Canine Familiar     Summ           0%         N/A       90%         3
 Summon Guardian Golem    Hex/Summ       0%         N/A       90%         3


Dungeon Overview and Level Annotations

Branches:
Dungeon (4/15)
 Temple: D:4-7

Altars:
Zin

Shops:
D:1 =   D:4 *

Annotations:
D:3 1 runed translucent door, Crazy Yiuf
D:4 Pikel


Innate Abilities, Weirdness & Mutations

((You are very nimble when in or above water. (Stealth+, EV+, Speed+++)))
Your lower body shifts to a powerful aquatic tail in water.


Message History

The lemure shouts!
Found Zashrad's Overcharged Wands.
Pikel, Merchant of Souls comes into view.
He is wielding a +0 whip of flaming and carrying a wand of iceblast (8).
A lemure comes into view.
Pikel shouts!
The lemure shouts!
A lemure comes into view.
There are monsters nearby!
The lemure closely misses you.
You slash the lemure!
The lemure is moderately wounded.
The lemure hits you!
There are monsters nearby!
You hit the lemure but do no damage.
The lemure is moderately wounded.
You hit Pikel.
Pikel is lightly wounded.
There are monsters nearby!
You barely miss Pikel.
Pikel is lightly wounded.
The lemure misses you.
Pikel hits you with a +0 whip of flaming.
Pikel burns you.
You barely miss Pikel.
Pikel is lightly wounded.
Pikel hits you with a +0 whip of flaming.
Pikel burns you. The lemure hits you. The lemure barely misses you.
Pikel completely misses you.
There are monsters nearby!
You are too injured to fight recklessly!
You are too injured to fight recklessly!
Pikel attacks as you move away!
Pikel hits you with a +0 whip of flaming!
* * * LOW HITPOINT WARNING * * *
Pikel burns you.
* * * LOW HITPOINT WARNING * * *
The lemure hits you.
* * * LOW HITPOINT WARNING * * *
Pikel attacks as you move away!
Pikel hits you with a +0 whip of flaming.
You die...

.....##..# ## .
.#... ##.###. ......
#.#.. ...# #.#.# #
###.######.#.# ..
#......†.).).# #...
........##.#####...#
###.....##.##55....#
#.........@K5.#
#...........###
#.........##....
#....#...### ..#.#
#.#####..# .#.. #..
#..# ...∩. .. #..#
.# ..# #..# .. #.


You could see Pikel and 3 lemures.

Vanquished Creatures
  A sky beast (D:3)
  A scorpion (D:3)
  Jessica (D:3)
  4 gnolls
  4 adders
  2 worms (D:2)
  A dart slug (D:3)
  10 orcs
  4 ball pythons
  9 endoplasms
  4 giant cockroaches
  3 goblins (D:1)
  6 hobgoblins
  6 jackals (D:1)
  3 quokkas
  4 bats (D:1)
  2 frilled lizards (D:1)
  4 kobolds
  3 rats
72 creatures vanquished.

Notes
Turn   | Place    | Note
-------+----------+-------------------------------------------
     0 | Abyss:1  | kae the Merfolk Abyssal Knight began the quest for the Orb.
     0 | Abyss:1  | Reached XP level 1. HP: 18/18 MP: 2/2
    56 | Abyss:1  | Noticed an ancient zyme
    59 | D:1      | Escaped the Abyss
   418 | D:1      | Reached XP level 2. HP: 21/24 MP: 3/3
   425 | D:1      | Reached ** piety under Lugonu
   507 | D:1      | Reached skill level 3 in Long Blades
  1030 | D:1      | Reached XP level 3. HP: 12/29 MP: 4/4
  1646 | D:1      | Found Awuargh's Jewellery Emporium.
  1973 | D:2      | Reached XP level 4. HP: 27/37 MP: 5/5
  2341 | D:2      | Found a glowing silver altar of Zin.
  2682 | D:2      | Found a faded altar of an unknown god.
  2761 | D:2      | Reached skill level 4 in Long Blades
  3405 | D:3      | Noticed Jessica
  3421 | D:3      | Killed Jessica
  3422 | D:3      | Reached XP level 5. HP: 42/42 MP: 7/7
  3438 | D:3      | Got Jessica's Guide on Dislocation
  3560 | D:3      | Reached *** piety under Lugonu
  3728 | D:3      | Found a runed translucent door.
  3729 | D:3      | Noticed Crazy Yiuf
  3785 | D:3      | Noticed a sky beast
  3830 | D:3      | Killed a sky beast
  3831 | D:3      | Reached skill level 1 in Shields
  3831 | D:3      | Reached XP level 6. HP: 16/48 MP: 8/8
  4139 | D:3      | Reached skill level 5 in Long Blades
  4900 | D:4      | Found Zashrad's Overcharged Wands.
  4900 | D:4      | Noticed Pikel
  4909 | D:4      | Slain by Pikel

Illustrated notes

Levels and vault maps discovered:
D:1:      dpeg_arrival_rooms_c, layout_basic, serial_shops, nicolae_square_shop,
          chequers_jeans
D:2:      layout_loops_ring, shapermc_ecumenical_altar_acropolis, basic_altar,
          minmay_misc_feat_iff, minmay_liquid_box, small_statue_intersection,
          minmay_misc_feat_x, hangedman_abyss_or_decor_stabs,
          hangedman_decor_lopped
D:3:      layout_basic, serial_curves, eino_curves_01, eino_curves_04,
          kennysheep_jessica_study, uniq_crazy_yiuf_cottage
D:4:      layout_rooms, chequers_arboretum, dk_noncrumbling_2,
          nicolae_shop_overcharged_wands, uniq_pikel

Skill      XL: |  1  2  3  4  5  6 |
---------------+-------------------+-----
Dodging        | 3 4 |  4.3
Long Blades    | 3 4 5 |  5.3
Fighting       | 4 |  4.4
Shields        | 1 |  1.8
Invocations    | 3 |  3.4
Armour         | |  0.6

Action                   |  1- 3 |  4- 6 || total
-------------------------+-------+-------++-------
Melee: Falchion          |   113 |   140 ||   253
       Punch             |       |     1 ||     1
Invok: Depart the Abyss  |     1 |       ||     1
  Use: Scroll            |     2 |     7 ||     9
       Potion            |     1 |     2 ||     3
 Stab: Sleeping          |       |     1 ||     1
Armor: Leather armour    |    48 |    21 ||    69
Dodge: Dodged            |    88 |    76 ||   164
Block: Buckler           |       |    26 ||    26

Table legend: (Time is in decaauts)
 A = Elapsed time spent in this place.
 B = Non-inter-level travel time spent in this place.
 C = Inter-level travel time spent in this place.
 D = Time resting spent in this place.
 E = Time spent auto-exploring this place.
 F = Levels seen in this place.
 G = Mean time per level.
                   A        B        C        D        E       F      G
               +--------+--------+--------+--------+--------+-----+--------+
         Total |   4940 |   4865 |     75 |   1033 |   3143 |   5 |  988.0 |
       Dungeon |   4881 |   4806 |     75 |   1033 |   3088 |   4 | 1220.2 |
         Abyss |     59 |     59 |      0 |      0 |     55 |   1 |   59.0 |
               +--------+--------+--------+--------+--------+-----+--------+

Top non-repeatable levels by time:
     D:2: 1702 daAuts
     D:1: 1547 daAuts
     D:3: 1370 daAuts
     D:4: 260 daAuts
 Abyss:1: 59 daAuts
